 Dungeon Crawl Stone Soup version 0.25-a0-632-g7713895373 (webtiles) character file.

Game seed: 4173711007552761587, levelgen mode: deterministic

309 Lauz the Cudgeler (level 6, -2/38 HPs)
             Began as a Gargoyle Fighter on Mar 19, 2020.
             Was an Initiate of Okawaru.
             Slain by an ogre
             ... wielding a +0 giant club
              (18 damage)
             ... on level 5 of the Dungeon.
             The game lasted 00:10:42 (3816 turns).

Lauz the Cudgeler (Gargoyle Fighter)                Turns: 3816, Time: 00:10:43

Health: -2/38      AC: 12    Str: 21    XL:     6   Next: 41%
Magic:  6/6        EV:  7    Int:  9    God:    Okawaru [......]
Gold:   303        SH:  9    Dex:  9    Spells: 5/5 levels left

rFire    + . .     SeeInvis .   a - +0 flail
rCold    . . .     Gourm    .   c - +0 kite shield
rNeg     + . .     Faith    .   b - +0 scale mail
rPois    ∞         Spirit   .   (no helmet)
rElec    +         Reflect  .   r - +0 cloak
rCorr    .         Harm     +   (no gloves)
MR       .....                  (no boots)
Stlth    ..........             i - amulet of harm
HPRegen  0.12/turn              e - ring of protection from fire
MPRegen  0.10/turn              (no ring)

@: no status effects
A: negative energy resistance 1, electricity resistance, unbreathing,
petrification resistance, rot immunity, AC +4
a: Renounce Religion


You were on level 5 of the Dungeon.
You worshipped Okawaru.
Okawaru was noncommittal.
You were not hungry.

You visited 1 branch of the dungeon, and saw 5 of its levels.

You collected 303 gold pieces.

Inventory:

Hand Weapons
 a - a +0 flail (weapon)
Missiles
 v - a throwing net (quivered)
Armour
 b - a +0 scale mail (worn)
 c - a +0 kite shield (worn)
 r - a +0 cloak (worn)
 B - a +0 chain mail
Jewellery
 e - a ring of protection from fire (left hand)
 i - an amulet of harm (around neck)
 l - an uncursed ring of stealth {unknown}
 m - an uncursed amulet of the acrobat {unknown}
 n - an uncursed amulet of the gourmand {unknown}
 y - an uncursed ring of protection from cold {unknown}
Scrolls
 g - 4 scrolls of teleportation {unknown}
 h - 2 scrolls of immolation {unknown}
 s - 2 scrolls of fear {unknown}
 t - 5 scrolls of remove curse {unknown}
 u - 2 scrolls of noise {unknown}
 z - a scroll of amnesia {unknown}
 A - 2 scrolls of enchant armour {unknown}
 C - 2 scrolls of enchant weapon {unknown}
 D - 2 scrolls of identify {unknown}
 E - a scroll of blinking {unknown}
Potions
 d - a potion of might
 j - 3 potions of lignification {unknown}
 k - a potion of flight {unknown}
 o - 3 potions of curing {unknown}
 p - a potion of mutation {unknown}
 q - a potion of degeneration {unknown}
 w - a potion of magic {unknown}
 x - a potion of heal wounds {unknown}
Comestibles
 f - 8 rations
 F - 3 chunks of flesh


   Skills:
 + Level 3.9 Fighting
 * Level 5.1 Maces & Flails
 + Level 4.1 Armour
 - Level 0.3 Dodging
 - Level 0.4 Stealth
 + Level 4.2 Shields


You had 5 spell levels left.
You didn't know any spells.
Your spell library was empty.

Dungeon Overview and Level Annotations

Branches:
Dungeon (5/15)
 Temple: D:4-7

Altars:
Okawaru
Qazlal


Innate Abilities, Weirdness & Mutations

You are resistant to torment.
Your stone body is resilient. (AC +4)
You are immune to poison.
You resist negative energy. (rN+)
You are resistant to electric shocks. (rElec)
You can survive without breathing.
You are immune to petrification.
You are immune to rotting.


Message History

An orc is nearby!
You hear a shout!
The ogre barely misses you.
You hit the ogre.
The ogre is lightly wounded.
An orc priest comes into view.
The ogre closely misses you.
You hit the ogre.
The ogre is lightly wounded.
You hit the ogre.
The ogre is moderately wounded.
The ogre barely misses you.
You closely miss the ogre.
The ogre is moderately wounded.
The ogre hits you with a +0 giant club!
Your scale mail prevents you from hitting the ogre.
The ogre is moderately wounded.
The orc priest mumbles some strange prayers to Beogh against you.
Beogh smites you! The ogre hits you with a +0 giant club!
You die...

#.###.####.#
.# ..
#.........<..
# #.
#.###.####.##
#. #.# #.#
##. #.# #.#
.. #.# #.# #.
#.# #..
.#####.##.#
###
...o...@..#
.#####O##.#
..o ### ####


You could see an ogre, an orc priest and an orc.

Vanquished Creatures
  A hound (D:4)
  An orc priest (D:4)
  An orc wizard (D:4)
  2 worker ants
  5 adders
  3 worms
  A dart slug (D:2)
  5 leopard geckos
  28 orcs
  2 ball pythons
  8 bats
  A giant cockroach (D:3)
  7 goblins
  7 hobgoblins
  7 kobolds
  7 frilled lizards
  2 jackal skeletons
  9 rats
97 creatures vanquished.

Notes
Turn   | Place    | Note
-------+----------+-------------------------------------------
     0 | D:1      | Lauz the Gargoyle Fighter began the quest for the Orb.
     0 | D:1      | Reached XP level 1. HP: 14/14 MP: 1/1
    81 | D:1      | Reached XP level 2. HP: 17/19 MP: 2/2
   472 | D:1      | Reached XP level 3. HP: 21/23 MP: 3/3
   823 | D:2      | Found an iron altar of Okawaru.
   844 | D:2      | Became a worshipper of Warmaster Okawaru
  1838 | D:3      | Reached XP level 4. HP: 29/29 MP: 4/4
  1963 | D:3      | Reached skill level 3 in Maces & Flails
  2309 | D:3      | Reached XP level 5. HP: 33/33 MP: 5/5
  2952 | D:4      | Reached skill level 4 in Maces & Flails
  3341 | D:4      | Reached XP level 6. HP: 38/38 MP: 6/6
  3385 | D:4      | Reached skill level 5 in Maces & Flails
  3625 | D:4      | Found a stormy altar of Qazlal.
  3674 | D:5      | Entered Level 5 of the Dungeon
  3816 | D:5      | Slain by an ogre

Levels and vault maps discovered:
D:1:      lordsloth_arrival_two_stooges, layout_basic
D:2:      layout_basic, okawaru_ov_weapons_minmay
D:3:      layout_basic, chequers_serial_rivers_large_a, minmay_divided_ellipse
D:4:      layout_rooms, lemuel_coloured_pillars_altar, serial_rivers,
          chequers_serial_rivers_micro_d, chequers_serial_rivers_micro_a,
          chequers_serial_rivers_marsh, chequers_serial_rivers_micro_b,
          chequers_serial_rivers_small_3, chequers_serial_rivers_small_b,
          first_ration
D:5:      layout_basic, lightli_temple_of_fire, fiery_altar_vehumet

Skill      XL: |  1  2  3  4  5  6 |
---------------+-------------------+-----
Maces & Flails | 3 4 5 |  5.1
Shields        | 4 |  4.2
Armour         | 4 |  4.1
Fighting       | |  3.9
Dodging        | |  0.3
Stealth        | |  0.4

Action                   |  1- 3 |  4- 6 || total
-------------------------+-------+-------++-------
Melee: Flail             |   154 |   253 ||   407
  Eat: Chunk             |     3 |     7 ||    10
Armor: Scale mail        |   108 |   114 ||   222
Dodge: Dodged            |    65 |    76 ||   141
Block: Kite shield       |    89 |   105 ||   194

Table legend:
 A = Non-vault XP
 B = Vault XP
 C = Vault XP percentage of total XP
 D = Non-vault monster count
 E = Vault monster count
 F = Vault count percentage of total count
                 A         B        C        D         E       F
            +---------+---------+-------+---------+---------+-------
      Total |     384 |      58 |  13.1 |      84 |      13 |  13.4
            +---------+---------+-------+---------+---------+-------
        D:1 |      39 |       0 |   0.0 |      22 |       0 |   0.0
        D:2 |      36 |       0 |   0.0 |      12 |       0 |   0.0
        D:3 |      67 |      58 |  46.4 |      24 |      13 |  35.1
        D:4 |     199 |       0 |   0.0 |      22 |       0 |   0.0
        D:5 |      43 |       0 |   0.0 |       4 |       0 |   0.0
            +---------+---------+-------+---------+---------+-------
